 Dungeon Crawl Stone Soup version 0.25-a0-105-g2289b3b9f1 (webtiles) character file.

Game seed: 5457775921850105018, levelgen mode: classic

1493286 EnegeticOcto the Slayer (level 27, 196/196 HPs)
             Began as a Tengu Abyssal Knight on Nov 16, 2019.
             Was the Champion of Lugonu.
             Escaped with the Orb
             ... and 3 runes!
             The game lasted 02:53:18 (97890 turns).

EnegeticOcto the Slayer (Tengu Abyssal Knight)     Turns: 97890, Time: 02:53:18

Health: 196/196    AC: 43    Str: 21    XL:     27
Magic:  34/34      EV: 19    Int: 15    God:    Lugonu [******]
Gold:   6223       SH:  0    Dex: 16    Spells: 25/26 levels left

rFire    + + .     SeeInvis +   b - +8 storm bow {elec, penet}
rCold    + + .     Gourm    .   (shield currently unavailable)
rNeg     . . .     Faith    .   w - +9 gold dragon scales
rPois    +         Spirit   .   X - +0 mask of the Dragon {MR+ Slay+3 SInv}
rElec    +         Reflect  .   y - +1 cloak {+Inv}
rCorr    .         Harm     .   i - +2 pair of gloves {archery}
MR       +++..                  (boots unavailable)
Stlth    ..........             G - amulet of Biqicaul {rElec rC+ Regen+}
HPRegen  0.82/turn              c - ring of protection from fire
MPRegen  0.24/turn              N - +4 ring of slaying

@: flying quickly and evasively, quick
A: beak, talons 3, iridescent scales 1, low mp 1, poison resistance, shaggy fur
1, inhibited regeneration, able to fly
0: Orb of Zot
}: 3/15 runes: serpentine, barnacled, silver
a: Stop Flying, Depart the Abyss, Bend Space, Banish, Corrupt, Enter the Abyss,
Brand Weapon With Distortion, Renounce Religion, Evoke Invisibility


You escaped.
You worshipped Lugonu.
Lugonu was exalted by your worship.
You were not hungry.

You visited 10 branches of the dungeon, and saw 50 of its levels.
You visited the Abyss 1 time.
You also visited: Trove and Gauntlet.

You collected 7140 gold pieces.
You spent 917 gold pieces at shops.

Inventory:

Hand Weapons
 a - a +7 scimitar of slicing
 b - the +8 storm bow (weapon) {elec, penet}
   (You acquired it on level 5 of the Vaults)

   It charges the ammunition it shoots with electricity; occasionally upon a
   hit, such missiles may discharge and cause terrible harm.
   Ammo fired by it will pass through the targets it hits, potentially hitting
   all targets in its path until it reaches maximum range.
Missiles
 f - 11 curare-tipped darts
 m - 586 arrows (quivered)
 I - 5 throwing nets {!f}
Armour
 i - a +2 pair of gloves of archery (worn)
 w - +9 gold dragon scales (worn)
 y - a +1 cloak of invisibility (worn)
 S - a scarf of repulsion
 X - the +0 mask of the Dragon (worn) {MR+ Slay+3 SInv}
   (You bought it in a shop on level 2 of the Orcish Mines)

   It affects your accuracy and damage with ranged weapons and melee attacks
   (+3).
   It affects your resistance to hostile enchantments.
   It lets you see invisible.
Jewellery
 c - a ring of protection from fire (left hand)
 d - the ring "Itekh" {*Corrode rElec rC++ rN+ MR+}
   (You found it on level 4 of the Shoals)

   [ring of positive energy]

   It greatly protects you from cold.
   It insulates you from electricity.
   It protects you from negative energy.
   It affects your resistance to hostile enchantments.
   It may corrode you when you take damage.
 G - the amulet of Biqicaul (around neck) {rElec rC+ Regen+}
   (You found it in a treasure trove)

   [amulet of regeneration]

   It protects you from cold.
   It insulates you from electricity.
   It increases your rate of regeneration.
 N - a +4 ring of slaying (right hand)
 W - the amulet of the Four Winds {rN+ MR+++ Clar}
   (You found it on level 4 of the Shoals)

   [amulet of nothing]

   It protects you from negative energy.
   It affects your resistance to hostile enchantments.
   It protects you against confusion.
Wands
 o - a wand of paralysis (8)
 x - a wand of acid (9)
 F - a wand of digging (13)
 O - a wand of enslavement (5)
 P - a wand of clouds (4)
 Q - a wand of polymorph (31)
 R - a wand of scattershot (8)
 Y - a wand of iceblast (25)
Scrolls
 h - 20 scrolls of remove curse {@r2}
 l - 5 scrolls of immolation
 n - 4 scrolls of blinking {@r4}
 u - 11 scrolls of teleportation {@r3 !r}
 D - 5 scrolls of fog {!r}
 E - 10 scrolls of fear {!r}
 H - 2 scrolls of silence
 L - a scroll of vulnerability
 M - 3 scrolls of identify {@r1}
Potions
 j - a potion of mutation
 k - 2 potions of haste {@q4 !q}
 p - 9 potions of curing {@q1 !q}
 q - 3 potions of agility {@q5 !q}
 s - 5 potions of resistance
 v - 9 potions of might {@q3 !q}
 z - 5 potions of cancellation
 A - 5 potions of magic
 T - 4 potions of lignification {@q6}
Miscellaneous
 r - a phial of floods
 V - a lamp of fire
 Z - a fan of gales (inert)
Comestibles
 e - 47 rations


   Skills:
 + Level 26.0 Fighting
 - Level 7.0 Long Blades
 - Level 20.0 Bows
 - Level 22.1 Armour
 - Level 22.1 Dodging
 - Level 19.4 Invocations
 - Level 14.0 Evocations


You had 25 spell levels left.
You knew the following spells:

 Your Spells              Type           Power        Failure   Level  Hunger
a - Apportation           Tloc           #.....       99%         1    ##.....

Your spell library contained the following spells:

 Spells                   Type           Power        Failure   Level  Hunger
 Animate Skeleton         Necr           N/A          99%         1    ##.....
 Beastly Appendage        Tmut           #.....       99%         1    ##.....
 Confusing Touch          Hex            #.....       99%         1    ##.....
 Corona                   Hex            #......      99%         1    ##.....
 Flame Tongue             Conj/Fire      #....        99%         1    ##.....
 Magic Dart               Conj           #...         99%         1    ##.....
 Pain                     Necr           #...         99%         1    ##.....
 Shock                    Conj/Air       #...         99%         1    ##.....
 Sting                    Conj/Pois      #...         99%         1    ##.....
 Summon Small Mammal      Summ           #...         99%         1    ##.....
 Blink                    Tloc           N/A          100%        2    ###....
 Call Imp                 Summ           #.......     100%        2    ###....
 Ensorcelled Hibernation  Hex/Ice        #.....       100%        2    ###....
 Poisonous Vapours        Pois/Air       #.....       100%        2    ###....
 Searing Ray              Conj           #.....       100%        2    ###....
 Shroud of Golubria       Chrm/Tloc      #.....       100%        2    ###....
 Slow                     Hex            #.......     100%        2    ###....
 Sticks to Snakes         Tmut           #.......     100%        2    ###....
 Sublimation of Blood     Necr           #.........   100%        2    ###....
 Throw Flame              Conj/Fire      #.....       100%        2    ###....
 Throw Frost              Conj/Ice       #.....       100%        2    ###....
 Call Canine Familiar     Summ           #.......     100%        3    ####...
 Confuse                  Hex            #.......     100%        3    ####...
 Conjure Flame            Conj/Fire      #.......     100%        3    ####...
 Dazzling Spray           Conj/Hex       #.....       100%        3    ####...
 Gell's Gravitas          Tloc           #.........   100%        3    ####...
 Ignite Poison            Fire/Tmut/Pois #.......     100%        3    ####...
 Inner Flame              Hex/Fire       #.......     100%        3    ####...
 Lesser Beckoning         Tloc           #.........   100%        3    ####...
 Mephitic Cloud           Conj/Pois/Air  #.......     100%        3    ####...
 Portal Projectile        Hex/Tloc       #.....       100%        3    ####...
 Recall                   Summ/Tloc      N/A          100%        3    ####...
 Regeneration             Chrm/Necr      #.........   100%        3    ####...
 Spider Form              Tmut/Pois      #.........   100%        3    ####...
 Static Discharge         Conj/Air       #.......     100%        3    ####...
 Summon Guardian Golem    Hex/Summ       #.......     100%        3    ####...
 Teleport Other           Tloc           #.......     100%        3    ####...
 Vampiric Draining        Necr           #.........   100%        3    ####...
 Animate Dead             Necr           N/A          100%        4    #####..
 Cause Fear               Hex            #.........   100%        4    #####..
 Force Lance              Conj/Tloc      #.......     100%        4    #####..
 Fulminant Prism          Conj/Hex       #.........   100%        4    #####..
 Ice Form                 Ice/Tmut       #.......     100%        4    #####..
 Iskenderun's Mystic Bla  Conj           #.......     100%        4    #####..
 Leda's Liquefaction      Hex/Erth       #.........   100%        4    #####..
 Olgreb's Toxic Radiance  Pois           #.......     100%        4    #####..
 Petrify                  Tmut/Erth      #.......     100%        4    #####..
 Sticky Flame             Conj/Fire      #.......     100%        4    #####..
 Summon Ice Beast         Ice/Summ       #.......     100%        4    #####..
 Summon Lightning Spire   Summ/Air       #.......     100%        4    #####..
 Alistair's Intoxication  Tmut/Pois      #.......     100%        5    ######.
 Aura of Abjuration       Summ           #.........   100%        5    ######.
 Blade Hands              Tmut           #.........   100%        5    ######.
 Bolt of Magma            Conj/Fire/Erth #.........   100%        5    ######.
 Borgnjor's Vile Clutch   Necr/Erth      #.........   100%        5    ######.
 Fireball                 Conj/Fire      #.........   100%        5    ######.
 Irradiate                Conj/Tmut      #.........   100%        5    ######.
 Iskenderun's Battlesphe  Conj/Chrm      #.......     100%        5    ######.
 Lightning Bolt           Conj/Air       #.........   100%        5    ######.
 Metabolic Englaciation   Hex/Ice        #.........   100%        5    ######.
 Silence                  Hex/Air        #.........   100%        5    ######.
 Summon Demon             Summ           #.........   100%        5    ######.
 Summon Forest            Summ/Tloc      #.........   100%        5    ######.
 Summon Mana Viper        Hex/Summ       #.......     100%        5    ######.
 Venom Bolt               Conj/Pois      #.........   100%        5    ######.
 Yara's Violent Unravell  Hex/Tmut       #.........   100%        5    ######.
 Bolt of Cold             Conj/Ice       #.........   100%        6    #######
 Bolt of Fire             Conj/Fire      #.........   100%        6    #######
 Conjure Ball Lightning   Conj/Air       #.........   100%        6    #######
 Darkness                 Hex            #.........   100%        6    #######
 Deflect Missiles         Chrm/Air       #.........   100%        6    #######
 Dispersal                Tloc           #.........   100%        6    #######
 Iron Shot                Conj/Erth      #.........   100%        6    #######
 Shadow Creatures         Summ           N/A          100%        6    #######
 Simulacrum               Ice/Necr       #.........   100%        6    #######
 Dragon Form              Tmut           #.........   100%        7    #######
 Malign Gateway           Summ/Tloc      #.........   100%        7    #######
 Orb of Destruction       Conj           #.........   100%        7    #######
 Ring of Flames           Chrm/Fire      #.........   100%        7    #######
 Spellforged Servitor     Conj/Summ      #.........   100%        7    #######
 Controlled Blink         Tloc           N/A          100%        8    #######
 Death's Door             Chrm/Necr      #.........   100%        8    #######
 Discord                  Hex            #.........   100%        8    #######
 Disjunction              Tloc           #.........   100%        8    #######
 Ignition                 Fire           #.........   100%        8    #######
 Dragon's Call            Summ           #.........   100%        9    #######
 Shatter                  Erth           #.........   100%        9    #######
 Tornado                  Air            #.........   100%        9    #######
 Passage of Golubria      Tloc           Unusable     N/A         4    N/A

Dungeon Overview and Level Annotations

Branches:
Dungeon (15/15)            Temple (0/1) D:7            Lair (6/6) D:9
 Shoals (4/4) Lair:4        Snake (4/4) Lair:3        Slime (0/5) Lair:6
    Orc (2/2) D:9             Elf (3/3) Orc:2        Vaults (5/5) D:13
  Crypt (1/3) Vaults:3     Depths (5/5) D:15            Zot (5/5) Depths:5
Gauntlet (visited)

Altars:
Elyvilon
Gozag
Hepliaklqana
Kikubaaqudgha
Makhleb
Okawaru
Vehumet
Wu Jian
Xom
Zin
Beogh
Jiyva

Shops:
D:8 *   D:15 }(   Orc:2 }%*:*   Elf:1 :[   Elf:3 [   Shoals:3 *   Snake:2 *
Vaults:5 !

Portals:
Hell: Depths:1 Depths:2 Depths:3 Depths:4 Depths:5
Abyss: Depths:1 Depths:4
Pandemonium: Depths:3
Ziggurat: Depths:1

Annotations:
Lair:6 1 runed translucent door
Snake:1 exclusion: downstairs
Snake:2 3 runed translucent doors, exclusion: obsidian statue, Voilify's ghost, adept MiBe
Snake:4 corrupted
Vaults:2 2 runed translucent doors, Tazamm's ghost, adept MiBe
Vaults:4 2 runed translucent doors, CouchPotato's ghost, adept TrMo; bmj180's ghost, adept HOFi
Crypt:1 3 runed translucent doors, Heheef's ghost, adept NaAE
Depths:2 2 transporters
Depths:5 2 transporters, Lecunkew's ghost, veteran TeCj
Zot:3 exclusions: green draconian and 1 more exclusion
Zot:4 2 runed translucent doors, Dufehei's ghost, legendary TrGl
Zot:5 corrupted
Abyss:1 Azrael; Harold; Tiamat


Innate Abilities, Weirdness & Mutations

You have a beak for a mouth.
You have claws for feet.
You can fly continuously.
You are partially covered in iridescent scales. (AC +2)
Your magical capacity is low. (-10% MP)
Your system is resistant to poisons. (rPois)
You are covered in fur. (AC +1)
You do not regenerate when monsters are visible.


Message History

Firing (i - inventory. (/) - cycle)
m - 592 arrows (quivered)
Press: ? - help, Shift-Dir - straight line, f/p - rust devil
Aim: a rust devil (moderately wounded)
You shoot an arrow.
The arrow pierces through the rust devil!
The rust devil is severely wounded.
The rust devil barely misses you.
Firing (i - inventory. (/) - cycle)
m - 591 arrows (quivered)
Press: ? - help, Shift-Dir - straight line, f/p - rust devil
Aim: a rust devil (severely wounded)
You shoot an arrow.
The arrow pierces through the rust devil!!
You kill the rust devil!
Lugonu accepts your kill.
You hear a roar.
No target in view!
(D) Dungeon (T) Temple (L) Lair (A) Shoals (P) Snake Pit (M) Slime Pits (O) Orcish Mines (E) Elven Halls (V) Vaults (C) Crypt (U) Depths (H) Hell (Z) Zot
Where to? (Enter - D:1 @ (x,y), ? - help)
A cherub comes into view.
It is wielding a +2 falchion of flaming.
There is a stone staircase leading up here.
The cherub unwields a +2 falchion of flaming.
It stops flaming.
The cherub wields a +0 longbow.
The cherub shoots an arrow.
The arrow hits you.
You fly upwards.
There is a stone staircase leading down here.
(D) Dungeon (T) Temple (L) Lair (A) Shoals (P) Snake Pit (M) Slime Pits (O) Orcish Mines (E) Elven Halls (V) Vaults (C) Crypt (U) Depths (H) Hell (Z) Zot
Where to? (Enter - D:1 @ (x,y), ? - help)
There is a stone staircase leading up here.
You see here 2 stones.
HP restored.
You fly upwards.
There is a stone staircase leading down here. 2 red devils, a balrug and a sun demon come into view.
The balrug is wielding a +1 demon whip of electrocution.
A red devil is wielding a +2 demon trident of pain.
A red devil is wielding a +0 trident of flaming.
The sun demon shouts!
The balrug gestures at you. Something smites you!
The red devil hops backward while attacking.
The red devil misses you.
There is a stone staircase leading up here.
You fly upwards.
There is a stone staircase leading down here.
(D) Dungeon (T) Temple (L) Lair (A) Shoals (P) Snake Pit (M) Slime Pits (O) Orcish Mines (E) Elven Halls (V) Vaults (C) Crypt (U) Depths (H) Hell (Z) Zot
Where to? (Enter - D:1 @ (x,y), ? - help)
An Orb Guardian comes into view.
Firing (i - inventory. (/) - cycle)
m - 590 arrows (quivered)
Press: ? - help, Shift-Dir - straight line, f - Orb Guardian
Aim: an Orb Guardian You shoot an arrow.
The arrow pierces through the Orb Guardian!
The Orb Guardian is lightly wounded.
Firing (i - inventory. (/) - cycle)
m - 589 arrows (quivered)
Press: ? - help, Shift-Dir - straight line, f/p - Orb Guardian
Aim: an Orb Guardian (lightly wounded)
You shoot an arrow.
The arrow pierces through the Orb Guardian!!
Lightning courses through the Orb Guardian!!
The Orb Guardian is heavily wounded.
Firing (i - inventory. (/) - cycle)
m - 588 arrows (quivered)
Press: ? - help, Shift-Dir - straight line, f/p - Orb Guardian
Aim: an Orb Guardian (heavily wounded)
You shoot an arrow.
The arrow pierces through the Orb Guardian!!
Lightning courses through the Orb Guardian!!
You kill the Orb Guardian!
Lugonu accepts your kill.
No target in view!
(D) Dungeon (T) Temple (L) Lair (A) Shoals (P) Snake Pit (M) Slime Pits (O) Orcish Mines (E) Elven Halls (V) Vaults (C) Crypt (U) Depths (H) Hell (Z) Zot
Where to? (Enter - D:1 @ (x,y), ? - help)
There is an open door here.
A shadow demon comes into view.
Firing (i - inventory. (/) - cycle)
m - 587 arrows (quivered)
Press: ? - help, Shift-Dir - straight line, f - shadow demon
Aim: a shadow demon You shoot an arrow.
The arrow pierces through the shadow demon!!!
Lightning courses through the shadow demon!!
You kill the shadow demon!
Lugonu accepts your kill.
No target in view!
No target in view!
(D) Dungeon (T) Temple (L) Lair (A) Shoals (P) Snake Pit (M) Slime Pits (O) Orcish Mines (E) Elven Halls (V) Vaults (C) Crypt (U) Depths (H) Hell (Z) Zot
Where to? (Enter - D:1 @ (x,y), ? - help)
There is a staircase leading out of the dungeon here.
You have escaped!

#.....#.......####'####
#.....#................
###.....#........###.####
#.......#......#.###.##..
#.########.#####..##.##..
#.# #.### ##.##.##..
#.########...## #..#.##..
#..........#..####.#.##..
#...#.#.@..#....##.#.##..
#..####...#####..#.#.##..
#.## ##.## ##.(.#.####
#.# ##...## #(....# ##
#.####.....## #.....###.
#..##.......####..#.>....
#..##....##).##...#......
##.##...###......##......
#......###.....##.......


There were no monsters in sight!

Vanquished Creatures
  Khufu (Crypt:1)
  3 orbs of fire (Zot:5)
  8 ancient liches
  A greater mummy (Crypt:1)
  A pandemonium lord (D:9)
  Bai Suzhen (Elf:3)
  3 Killer Klowns
  A curse toe (Zot:5)
  Nikola (Depths:2)
  10 golden dragons
  the Enchantress (Depths:4)
  2 bone dragons (Depths:5)
  2 electric golems
  24 Orb Guardians
  5 liches
  2 titans (Vaults:5)
  16 tentacled monstrosities
  Asterion (Vaults:2)
  11 quicksilver dragons
  3 deep elf master archers (Elf:3)
  3 deep elf blademasters (Elf:3)
  5 sphinxes
  11 storm dragons
  6 death cobs
  8 tengu reavers
  Kirke (Snake:1)
  6 draconian monks
  An ancient champion (Crypt:1)
  11 shadow dragons
  Donald (Snake:1)
  A fire giant (shapeshifter) (Vaults:5)
  16 fire giants
  7 draconian knights
  9 vault wardens
  9 nagarajas
  4 draconian scorchers
  4 iron dragons
  A revenant (Crypt:1)
  13 deep elf sorcerers
  7 frost giants
  5 draconian shifters
  A ghost moth (shapeshifter) (Depths:5)
  A cacodemon (D:9)
  Aizul (Snake:1)
  4 draconian stormcallers
  2 ghost moths (Zot:5)
  An iron dragon (shapeshifter) (Vaults:5)
  A balrug (Depths:4)
  4 deep elf elementalists
  12 ironheart preservers
  21 very ugly things
  A war gargoyle (Vaults:5)
  11 stone giants
  9 draconian annihilators
  4 spriggan defenders (Depths:4)
  5 deep elf demonologists
  6 vampire knights
  12 black draconians
  14 deep elf annihilators
  14 green draconians
  22 purple draconians
  14 red draconians
  6 spark wasps
  A minotaur (Gauntlet)
  12 white draconians
  9 fire dragons
  2 merfolk javelineers (Depths:2)
  13 yellow draconians
  9 ettins
  The ghost of Libuhoy the Arsonist, a journeyman DEFE of Vehumet (Lair:4)
  6 merfolk impalers
  8 deep elf death magi
  6 jiangshi
  6 deep elf high priests
  20 yaktaur captains
  12 great orbs of eyes
  27 vault guards
  A hell beast (Depths:3)
  10 ice dragons
  5 rakshasas
  A hydra (Lair:6)
  11 centaur warriors
  7 spriggan air magi
  15 naga warriors
  3 merfolk avatars
  2 merfolk aquamancers (Shoals:4)
  16 ogre magi
  An alligator snapping turtle (Shoals:4)
  14 anacondas
  2 catoblepae
  59 two-headed ogres
  5 death knights
  27 dancing weapons
  13 tengu warriors
  2 deep troll shamans
  A death yak (shapeshifter) (Depths:4)
  2 satyrs
  Urug (D:12)
  An orc high priest (Elf:2)
  8 spriggan berserkers
  3 vampire magi
  7 deep troll earth magi
  9 naga sharpshooters
  A hell knight (Depths:5)
  4 shock serpents
  A sun demon (Depths:3)
  A titan skeleton (Depths:3)
  8 large abominations (Depths:1)
  24 deep elf knights
  A spectral death yak (Lair:4)
  2 salamander mystics (Snake:4)
  16 skeletal warriors
  4 glowing orange brains
  An entropy weaver zombie (Crypt:1)
  6 unseen horrors
  14 deep trolls
  17 sea snakes
  9 wizards
  A shadow demon (D:1)
  An unseen horror (shapeshifter) (Depths:4)
  17 deep elf archers
  9 orc knights
  3 flayed ghosts
  12 ironbrand convokers
  8 naga ritualists
  18 harpies
  Pikel (D:7)
  A lindwurm (Lair:6)
  9 mana vipers
  2 necromancers
  12 phantasmal warriors
  3 wolf spiders
  93 deep elf magi
  8 orc sorcerers
  45 ugly things
  2 orb spiders (shapeshifter)
  A cyclops (shapeshifter) (Depths:4)
  18 fauns
  10 manticores
  12 cyclopes
  4 salamanders
  20 moths of wrath
  An ice statue (Lair:6)
  5 merfolk sirens
  10 guardian serpents
  21 elephants
  45 black mambas
  A black mamba (shapeshifter) (Vaults:5)
  15 vault sentinels
  2 water nymphs
  A water nymph (shapeshifter) (Vaults:1)
  A molten gargoyle (Lair:6)
  19 naga magi
  3 rust devils
  2 minotaur zombies (Gauntlet)
  A spiny frog (shapeshifter) (Vaults:1)
  8 spiny frogs
  5 spectral swamp worms (Depths:1)
  A torpor snail (Snake:4)
  A black draconian zombie (Crypt:1)
  2 gargoyles (D:14)
  4 rime drakes
  A kobold demonologist (D:15)
  An efreet (Zot:1)
  46 yaktaurs
  7 freezing wraiths
  8 komodo dragons
  A grey draconian skeleton (Crypt:1)
  A tormentor (D:13)
  A death yak skeleton (Crypt:1)
  A hellwing (Depths:4)
  4 guardian mummies (Depths:2)
  9 trolls
  A red devil (Depths:4)
  2 tengu conjurers
  A yaktaur skeleton (Vaults:4)
  2 queen bees (shapeshifter)
  A queen bee (Gauntlet)
  3 polar bears
  19 merfolk
  8 wind drakes
  A snapping turtle (shapeshifter) (Depths:2)
  7 hornets
  10 slime creatures
  2 dream sheep (Shoals:4)
  19 blink frogs
  A hippogriff (shapeshifter) (Vaults:1)
  A blink frog (shapeshifter) (Depths:1)
  4 snapping turtles
  2 stone giant simulacra
  19 hippogriffs
  8 flying skulls
  5 air elementals
  9 spriggans
  11 water elementals
  2 hogs (Snake:1)
  A hog (shapeshifter) (Depths:1)
  3 wraiths
  6 wyverns
  A shadow (Vaults:3)
  38 yaks
  18 humans (D:13)
  24 fire elementals
  A spectral komodo dragon (Lair:4)
  A neqoxec (D:10)
  5 vampire mosquitoes
  5 basilisks
  3 swamp worms (Gauntlet)
  A steam dragon (Lair:6)
  4 chaos spawn
  5 wargs
  A faun zombie (Crypt:1)
  49 nagas
  2 spectral spiny frogs (Lair:4)
  6 hell hounds
  9 water moccasins
  4 small abominations (Depths:1)
  7 sky beasts
  11 porcupines
  4 black bears
  36 orc warriors
  12 boggarts
  A deep troll skeleton (Vaults:4)
  12 ice beasts
  3 phantoms
  3 necrophages
  A tengu (shapeshifter) (Vaults:5)
  59 ogres
  22 centaurs
  10 wolves (Lair:5)
  An elf skeleton (Vaults:4)
  9 crocodiles
  2 big kobolds
  13 bullfrogs
  A gnoll sergeant (D:10)
  2 human skeletons (Vaults:4)
  2 earth elementals
  A water moccasin skeleton (D:9)
  A scorpion (D:11)
  4 killer bees
  A spriggan zombie (Crypt:1)
  A dream sheep simulacrum (Lair:4)
  An orc simulacrum (Vaults:1)
  4 wights (D:7)
  2 howler monkeys
  A centaur zombie (D:5)
  5 lava snakes (Lair:6)
  3 crimson imps
  A quasit (D:15)
  2 bullfrog zombies
  8 hounds
  3 jellies
  23 orc wizards
  3 centaur skeletons
  18 orc priests
  An iguana (D:6)
  16 worker ants
  An acid dragon zombie (Crypt:1)
  2 hound skeletons
  6 mummies
  A howler monkey zombie (D:5)
  2 worker ant zombies
  17 gnolls
  A howler monkey skeleton (D:8)
  18 adders
  2 shadow imps (D:5)
  2 white imps (Lair:6)
  An ufetubus (Vaults:2)
  2 oozes
  An iguana skeleton (Crypt:1)
  An adder skeleton (D:4)
  2 dart slugs
  3 worms (D:2)
  5 leopard geckos
  74 orcs
  6 giant cockroaches
  8 goblins
  7 hobgoblins
  12 jackals
  6 quokkas
  7 ball pythons
  6 bats
  4 frilled lizards
  A jackal skeleton (D:4)
  13 kobolds
  2 leopard gecko skeletons
  A leopard gecko zombie (D:7)
  2 quokka skeletons
  12 rats
  A butterfly (Lair:3)
  A plant (Lair:3)
2262 creatures vanquished.

Vanquished Creatures (collateral kills)
  A killer bee (Gauntlet)
1 creature vanquished.

Vanquished Creatures (others)
  A golden dragon (Zot:3)
  2 electric golems
  A tentacled monstrosity (Zot:1)
  3 Orb Guardians (Zot:5)
  A storm dragon (Zot:5)
  3 draconian monks (Zot:1)
  A draconian scorcher (Zot:5)
  A draconian knight (Zot:3)
  A draconian annihilator (Zot:1)
  A stone giant (Vaults:3)
  3 green draconians
  2 black draconians (Zot:5)
  The ghost of Slobodan the Archer, a journeyman CeAr of Okawaru (Lair:5)
  A white draconian (Depths:5)
  4 red draconians
  3 merfolk javelineers
  A vault guard (Vaults:5)
  An ice dragon (Lair:6)
  2 hydras (Lair:6)
  2 two-headed ogres (D:8)
  A naga sharpshooter (Snake:4)
  An orc high priest (Orc:1)
  4 wizards
  An unseen horror (D:8)
  A deep troll (Vaults:2)
  A naga ritualist (Snake:4)
  A necromancer (D:13)
  The ghost of mcbry the Spear-Bearer, a novice MfGl of Makhleb (D:4)
  A slime creature (D:12)
  An orc sorcerer (Orc:2)
  6 moths of wrath
  3 elephants (Lair:4)
  2 naga magi (Snake:4)
  4 guardian serpents
  2 gargoyles
  A molten gargoyle (Lair:6)
  2 hornets
  2 flying skulls (Gauntlet)
  A shadow (D:12)
  A vampire (D:10)
  4 humans (Snake:1)
  A steam dragon (Lair:6)
  4 nagas (Snake:4)
  A porcupine (Lair:2)
  An orc warrior (D:9)
  6 killer bees
  2 worker ants (D:5)
  A leopard gecko (D:5)
  2 orcs
  A frilled lizard (D:5)
  12 fungi
  24 plants
  6 starspawn tentacles
137 creatures vanquished.

Grand Total: 2400 creatures vanquished

Notes
Turn   | Place    | Note
-------+----------+-------------------------------------------
     0 | Abyss:1  | EnegeticOcto the Tengu Abyssal Knight began the quest for
                  | the Orb.
     0 | Abyss:1  | Reached XP level 1. HP: 14/14 MP: 3/3
     5 | Abyss:1  | Found a corrupted altar of Lugonu.
    51 | Abyss:1  | Noticed a starcursed mass
    52 | D:1      | Escaped the Abyss
   234 | D:1      | Reached * piety under Lugonu
   277 | D:1      | Reached XP level 2. HP: 19/19 MP: 4/4
   677 | D:1      | Reached XP level 3. HP: 24/24 MP: 5/5
   859 | D:2      | Found an ancient bone altar of Kikubaaqudgha.
   905 | D:2      | Gained mutation: Your mind is acute. (Int +2) [potion of
                  | mutation]
   905 | D:2      | Gained mutation: You are covered in fur. (AC +1) [potion of
                  | mutation]
   911 | D:2      | Reached skill level 4 in Fighting
   913 | D:2      | Reached ** piety under Lugonu
  1061 | D:2      | Reached XP level 4. HP: 29/29 MP: 6/6
  1202 | D:2      | Found a shimmering altar of Xom.
  1298 | D:2      | Found a hazy altar of Hepliaklqana.
  1475 | D:2      | Gained mutation: You can fly continuously. [Tengu growth]
  1475 | D:2      | Reached XP level 5. HP: 30/34 MP: 7/7
  2046 | D:3      | Reached *** piety under Lugonu
  2344 | D:4      | Reached skill level 5 in Fighting
  2347 | D:4      | Reached XP level 6. HP: 40/40 MP: 8/8
  2577 | D:4      | Reached skill level 5 in Long Blades
  3158 | D:4      | Found a transporter.
  3159 | D:4      | Noticed mcbry's ghost (novice MfGl)
  3166 | D:4      | Found a transporter.
  3212 | D:4      | Reached XP level 7. HP: 40/44 MP: 9/9
  3629 | D:5      | Entered Level 5 of the Dungeon
  3708 | D:5      | Got a spiked chain mail
  3717 | D:5      | Identified the +7 chain mail of Tugid {Stlth+} (You found
                  | it on level 5 of the Dungeon)
  3898 | D:5      | Found a shimmering altar of Xom.
  3932 | D:5      | Reached skill level 6 in Fighting
  4159 | D:5      | Reached **** piety under Lugonu
  4655 | D:6      | Reached XP level 8. HP: 51/51 MP: 11/11
  4707 | D:6      | Found a white marble altar of Elyvilon.
  4906 | D:6      | Found an ornate altar of the Wu Jian Council.
  5314 | D:6      | Found an iron altar of Okawaru.
  5317 | D:6      | Found a radiant altar of Vehumet.
  5320 | D:6      | Found a glowing silver altar of Zin.
  5712 | D:7      | Reached skill level 1 in Bows
  5715 | D:7      | Found a radiant altar of Vehumet.
  5761 | D:7      | Found a staircase to the Ecumenical Temple.
  6344 | D:7      | Noticed Pikel
  6367 | D:7      | Killed Pikel
  6367 | D:7      | Reached skill level 7 in Fighting
  6367 | D:7      | Reached XP level 9. HP: 36/57 MP: 13/13
  6777 | D:8      | Found Miynguedgh's Assorted Antiques.
  6792 | D:8      | Bought a scroll labeled TUUNUW LISULUO for 25 gold pieces
  6936 | D:8      | Noticed a two-headed ogre
  6996 | D:8      | Banished a two-headed ogre
  6996 | D:8      | Reached skill level 5 in Armour
  7085 | D:8      | Noticed a two-headed ogre
  7098 | D:8      | Banished a two-headed ogre
  7098 | D:8      | Reached skill level 5 in Bows
  7098 | D:8      | Reached skill level 5 in Invocations
  7233 | D:8      | Reached skill level 5 in Dodging
  7453 | D:8      | Banished an unseen horror
  7453 | D:8      | Reached XP level 10. HP: 19/62 MP: 14/14
  7948 | D:8      | Reached skill level 8 in Fighting
  8131 | D:8      | Found a burning altar of Makhleb.
  8723 | D:9      | Found a staircase to the Lair.
  9263 | D:9      | Found a staircase to the Orcish Mines.
  9719 | D:9      | Reached XP level 11. HP: 38/69 MP: 8/17
 10581 | D:4      | Banished mcbry's ghost
 10581 | D:4      | Reached skill level 9 in Fighting
 11033 | D:10     | Entered Level 10 of the Dungeon
 11074 | D:10     | Noticed a two-headed ogre
 11098 | D:10     | Killed a two-headed ogre
 11098 | D:10     | Reached skill level 10 in Bows
 11320 | D:10     | Noticed Harold
 11321 | D:10     | Banished Harold
 11922 | D:10     | Reached skill level 10 in Fighting
 13461 | D:12     | Noticed a two-headed ogre
 13464 | D:12     | Noticed a two-headed ogre
 13477 | D:12     | Killed a two-headed ogre
 13503 | D:12     | Killed a two-headed ogre
 13503 | D:12     | Reached skill level 1 in Evocations
 13503 | D:12     | Reached XP level 12. HP: 36/79 MP: 17/19
 13788 | D:12     | Reached skill level 11 in Fighting
 14263 | D:12     | Noticed Urug
 14282 | D:12     | Killed Urug
 15803 | D:12     | Reached skill level 12 in Fighting
 16118 | Orc:1    | Entered Level 1 of the Orcish Mines
 16803 | Orc:1    | Noticed an orc high priest
 16810 | Orc:1    | Banished an orc high priest
 17020 | Lair:1   | Entered Level 1 of the Lair of Beasts
 17131 | Lair:1   | Found a gate leading to a gauntlet.
 17145 | Gauntlet | Entered a Gauntlet
 17145 | Gauntlet | Found a transporter.
 17145 | Gauntlet | Found a transporter.
 17145 | Gauntlet | Found a transporter.
 17166 | Gauntlet | Found a transporter.
 17169 | Gauntlet | Found a transporter.
 17178 | Gauntlet | Found a transporter.
 17180 | Gauntlet | Found a transporter.
 17190 | Gauntlet | Found a transporter.
 17208 | Gauntlet | Found a transporter.
 17226 | Gauntlet | Found a transporter.
 17230 | Gauntlet | Found a transporter.
 17240 | Gauntlet | Found a transporter.
 17387 | Gauntlet | Got an ancient dagger
 17389 | Gauntlet | Identified the cursed +2 dagger "Ejyfe" {drain, rC+} (You
                  | found it in a Gauntlet)
 17659 | Gauntlet | Reached XP level 13. HP: 58/87 MP: 20/20
 17797 | Gauntlet | Identified the +7 battleaxe of Twilight {freeze, Int+4
                  | Dex+2}
 17797 | Gauntlet | Noticed a minotaur
 17815 | Gauntlet | Killed a minotaur
 19102 | Lair:1   | You are sucked into a shaft and drop 1 floor!
 19386 | Lair:2   | Reached skill level 13 in Fighting
 21107 | Lair:2   | Reached skill level 15 in Fighting
 21107 | Lair:2   | Reached XP level 14. HP: 98/98 MP: 22/22
 21162 | Lair:3   | Learned a level 1 spell: Apportation
 21851 | Lair:3   | Found a staircase to the Snake Pit.
 22458 | Lair:3   | You are sucked into a shaft and drop 1 floor!
 22751 | Lair:4   | Found a runed translucent gate.
 22751 | Lair:4   | Found a runed translucent gate.
 22751 | Lair:4   | Found a runed translucent gate.
 22775 | Lair:4   | Noticed Libuhoy's ghost (journeyman DEFE)
 22864 | Lair:4   | Reached skill level 10 in Invocations
 24296 | Lair:4   | Reached skill level 15 in Bows
 24496 | Lair:4   | Found a staircase to the Shoals.
 27025 | Lair:5   | Found a runed translucent door.
 27025 | Lair:5   | Noticed Slobodan's ghost (journeyman CeAr)
 27060 | Lair:5   | Banished Slobodan's ghost
 27060 | Lair:5   | Reached XP level 15. HP: 83/103 MP: 10/23
 27173 | Lair:6   | Entered Level 6 of the Lair of Beasts
 27173 | Lair:6   | Found a runed translucent door.
 27194 | Lair:6   | Found a viscous altar of Jiyva.
 28477 | Lair:6   | Found a staircase to the Slime Pits.
 32843 | D:13     | Found a gate to the Vaults.
 34923 | D:14     | Reached XP level 16. HP: 55/108 MP: 24/24
 36163 | Orc:2    | Entered Level 2 of the Orcish Mines
 37099 | Orc:2    | Found a roughly hewn altar of Beogh.
 37366 | Orc:2    | Found a roughly hewn altar of Beogh.
 37378 | Orc:2    | Found a staircase to the Elven Halls.
 37407 | Orc:2    | Reached skill level 10 in Armour
 37407 | Orc:2    | Reached skill level 10 in Dodging
 38227 | Orc:2    | Found Fukkiwn's Gadget Boutique.
 38819 | Orc:2    | Found Savvyly's Food Boutique.
 38819 | Orc:2    | Found Qeschoz's General Store.
 38821 | Orc:2    | Found Hytuaneuph's Book Emporium.
 38821 | Orc:2    | Found Giak Simn's General Store.
 38844 | Orc:2    | Bought the +0 mask of the Dragon {MR+ Slay+3 SInv} for 400
                  | gold pieces
 38844 | Orc:2    | Found the +0 mask of the Dragon {MR+ Slay+3 SInv}
 38844 | Orc:2    | Bought 3 scrolls of fog for 72 gold pieces
 39198 | D:15     | Entered Level 15 of the Dungeon
 39369 | D:15     | Found a shimmering altar of Xom.
 39370 | D:15     | Found the +7 mace of Variability {chain chaos}
 39659 | D:15     | Noticed Azrael
 39676 | D:15     | Banished Azrael
 39732 | D:15     | Found Aqaechod's Antique Weapon Shoppe.
 39918 | D:15     | Found Eklifap's Gadget Boutique.
 40336 | D:15     | Found a staircase to the Depths.
 41005 | Shoals:1 | Entered Level 1 of the Shoals
 42582 | Shoals:1 | Reached XP level 17. HP: 58/113 MP: 25/25
 44449 | Shoals:2 | Identified the +2 shield of the Wild Haggis {*Drain rPois
                  | rC++ rCorr} (You found it on level 2 of the Shoals)
 44957 | Shoals:3 | Found Fijaw's Assorted Antiques.
 44981 | Shoals:3 | Bought a potion of curing for 84 gold pieces
 44981 | Shoals:3 | Bought a scroll of teleportation for 84 gold pieces
 45671 | Snake:1  | Entered Level 1 of the Snake Pit
 46498 | Snake:1  | Identified the +4 shield "Qoess" {rF+ Int-2 Slay+3}
 46498 | Snake:1  | Noticed Donald
 46505 | Snake:1  | Killed Donald
 46826 | Snake:1  | Noticed Aizul
 46831 | Snake:1  | Killed Aizul
 46862 | Snake:1  | Noticed Kirke
 46876 | Snake:1  | Killed Kirke
 47691 | Snake:2  | Found a runed translucent gate.
 47695 | Snake:2  | Found a runed translucent gate.
 47695 | Snake:2  | Found an opulent altar of Gozag.
 47696 | Snake:2  | Found a runed translucent gate.
 47696 | Snake:2  | Noticed Voilify's ghost (adept MiBe)
 47697 | Snake:2  | Found Gihun's Assorted Antiques.
 47711 | Snake:2  | Reached ***** piety under Lugonu
 48113 | Snake:2  | Reached skill level 16 in Fighting
 49142 | Snake:2  | Found a gateway to a bazaar.
 49289 | Snake:3  | Reached XP level 18. HP: 120/120 MP: 27/27
 50416 | Snake:4  | Entered Level 4 of the Snake Pit
 51427 | Snake:4  | Corrupted Snake:4
 52744 | Snake:4  | Reached ****** piety under Lugonu
 53523 | Snake:4  | Reached XP level 19. HP: 121/127 MP: 29/29
 53656 | Snake:4  | Got a serpentine rune of Zot
 53979 | Shoals:4 | Entered Level 4 of the Shoals
 53991 | Shoals:4 | Found the amulet of the Four Winds {rN+ MR+++ Clar}
 54791 | Shoals:4 | Reached skill level 17 in Fighting
 55013 | Shoals:4 | Identified the ring "Itekh" {*Corrode rElec rC++ rN+ MR+}
                  | (You found it on level 4 of the Shoals)
 55078 | Shoals:4 | Reached skill level 5 in Evocations
 55398 | Shoals:4 | Got a barnacled rune of Zot
 56644 | Elf:1    | Entered Level 1 of the Elven Halls
 57196 | Elf:1    | Identified the Almanac of Combat Magic
 57337 | Elf:1    | Found Ceseg's Antique Armour Shoppe.
 57530 | Elf:1    | Found Mugreok's Book Shoppe.
 58565 | Elf:2    | Reached XP level 20. HP: 117/134 MP: 30/30
 58622 | Elf:2    | Found a runed translucent gate.
 58625 | Elf:2    | Found a runed translucent gate.
 58637 | Elf:2    | Found a runed translucent gate.
 60656 | Elf:3    | Entered Level 3 of the Elven Halls
 60849 | Elf:3    | Found Sosohutz's Antique Armour Boutique.
 61269 | Elf:3    | Noticed Bai Suzhen
 61317 | Elf:3    | Killed Bai Suzhen
 61734 | Elf:3    | Reached skill level 18 in Fighting
 62064 | Elf:3    | Reached skill level 15 in Dodging
 62135 | Elf:3    | Reached skill level 15 in Armour
 62186 | Elf:3    | Identified the +7 long sword of Symmetry {antimagic, rC+}
 62401 | Elf:3    | Identified the +4 battleaxe "Oxog" {chop, rC+ Int+3}
 62960 | Elf:3    | Reached XP level 21. HP: 112/141 MP: 32/32
 62977 | Elf:3    | Identified the ring of the Neverending Orbs {Str+2 Stlth-}
 63296 | Elf:3    | Identified Uninaom's Papyrus of the Venomous Voyage
 63414 | Elf:3    | Identified Sif Muna's Almanac of Dark Arts and Ignition
 63458 | Elf:3    | Identified the +5 arbalest of EnegeticOcto's Terror {venom,
                  | *Drain rPois Int+3} (You found it on level 3 of the Elven
                  | Halls)
 63742 | Vaults:1 | Entered Level 1 of the Vaults
 64653 | Vaults:1 | Found Tushigro's Antique Armour Shoppe.
 65917 | Vaults:2 | Noticed Asterion
 65929 | Vaults:2 | Killed Asterion
 66726 | Vaults:2 | Found a large runed translucent door.
 66726 | Vaults:2 | Found a large runed translucent door.
 66726 | Vaults:2 | Noticed Tazamm's ghost (adept MiBe)
 66825 | Vaults:2 | You are sucked into a shaft and drop 1 floor!
 67375 | Vaults:3 | Identified the +2 arbalest "Pifosm" {penet, rF+ rC+} (You
                  | found it on level 3 of the Vaults)
 67573 | Vaults:3 | Found a staircase to the Crypt.
 67935 | Vaults:3 | Reached XP level 22. HP: 148/148 MP: 34/34
 68007 | Vaults:2 | Reached skill level 19 in Fighting
 68360 | Vaults:2 | Reached skill level 15 in Invocations
 70719 | Vaults:4 | Found a large runed translucent door.
 70719 | Vaults:4 | Found a large runed translucent door.
 70719 | Vaults:4 | Noticed CouchPotato's ghost (adept TrMo)
 70719 | Vaults:4 | Noticed bmj180's ghost (adept HOFi)
 72582 | Depths:1 | Entered Level 1 of the Depths
 72972 | Depths:1 | Found a gateway to Hell.
 73093 | Depths:1 | Reached XP level 23. HP: 156/156 MP: 35/35
 73677 | Depths:1 | Found a gateway to a ziggurat.
 74023 | Depths:1 | Found a one-way gate to the infinite horrors of the Abyss.
 75447 | Depths:2 | Found a transporter.
 75477 | Depths:2 | Identified the +3 scythe of Stickiness {drain, Int+4}
 75503 | Depths:2 | Noticed Nikola
 75532 | Depths:2 | Killed Nikola
 75532 | Depths:2 | Reached skill level 20 in Fighting
 76089 | Depths:2 | Found a transporter.
 76354 | Depths:2 | Found the +4 robe of Augmentation {Str+4 Int+4 Dex+4}
 77176 | Depths:3 | Found a portal to a secret trove of treasure.
 77192 | Trove    | Entered a treasure trove
 77213 | Trove    | Identified Sif Muna's Collected Works on Hurtful Evil
 77238 | Trove    | Got a vibrating bone amulet
 77239 | Trove    | Identified the amulet of Biqicaul {rElec rC+ Regen+} (You
                  | found it in a treasure trove)
 77513 | Depths:3 | Noticed a golden dragon
 77525 | Depths:3 | Killed a golden dragon
 77942 | Depths:3 | Found a one-way gate leading to the halls of Pandemonium.
 78347 | Depths:4 | Reached XP level 24. HP: 164/164 MP: 36/36
 78788 | Depths:4 | Identified the cursed +1 great sword of Moderation {elec,
                  | rF+ Dex+3}
 79577 | Depths:4 | Noticed the Enchantress
 79615 | Depths:4 | Killed the Enchantress
 80419 | Depths:2 | Identified the amulet "Fadam" {Faith rC+ rN+ Str-4}
 81389 | Depths:5 | Entered Level 5 of the Depths
 81440 | Depths:5 | Reached skill level 21 in Fighting
 81686 | Depths:5 | Reached XP level 25. HP: 171/171 MP: 36/36
 82581 | Depths:5 | Found a gate to the Realm of Zot.
 82646 | Depths:5 | HP: 8/171 [spriggan berserker/+0 antimagic flail (21)]
 82924 | Depths:5 | Found a transporter.
 82958 | Depths:5 | Noticed Lecunkew's ghost (veteran TeCj)
 82973 | Depths:5 | Found a transporter.
 83479 | Vaults:5 | Entered Level 5 of the Vaults
 83720 | Vaults:5 | Found the +2 Maxwell's thermic engine {flame, freeze}
 83720 | Vaults:5 | Identified a scroll of acquirement
 83727 | Vaults:5 | Noticed an ancient lich
 84943 | Vaults:5 | Got a silver rune of Zot
 84950 | Vaults:5 | Identified the Reference Book on Fiery Arcane Weapons
 85112 | Vaults:5 | Noticed an ancient lich
 85118 | Vaults:5 | Noticed an ancient lich
 85139 | Vaults:5 | Killed an ancient lich
 85143 | Vaults:5 | Killed an ancient lich
 85143 | Vaults:5 | Reached XP level 26. HP: 166/179 MP: 37/37
 85328 | Vaults:5 | Identified the cursed +1 scale mail of Hocai {rElec Dex+3
                  | Stlth+}
 85336 | Vaults:5 | Identified the amulet of the Last Lies {Spirit rN++}
 85561 | Vaults:5 | Found the +8 storm bow {elec, penet}
 85577 | Vaults:5 | Got a smoking ivory ring
 85578 | Vaults:5 | Identified the ring "Juqipes" {rN+ Int+5 Dex+3} (You found
                  | it on level 5 of the Vaults)
 85916 | Vaults:5 | Reached skill level 22 in Fighting
 86059 | Vaults:5 | Killed an ancient lich
 86432 | Vaults:5 | Found Noawk's Distillery.
 86445 | Vaults:5 | Bought a potion of curing for 63 gold pieces
 86445 | Vaults:5 | Bought 2 potions of curing for 126 gold pieces
 86445 | Vaults:5 | Bought a potion of curing for 63 gold pieces
 87111 | Zot:1    | Entered Level 1 of the Realm of Zot
 87119 | Zot:1    | Identified the +4 dragonskin cloak
 87119 | Zot:1    | Noticed Tiamat
 87573 | Crypt:1  | Entered Level 1 of the Crypt
 87987 | Crypt:1  | Found a runed translucent gate.
 87987 | Crypt:1  | Found a runed translucent gate.
 87991 | Crypt:1  | Found a runed translucent gate.
 87992 | Crypt:1  | Noticed Heheef's ghost (adept NaAE)
 88047 | Crypt:1  | Noticed a greater mummy
 88048 | Crypt:1  | Noticed Khufu
 88066 | Crypt:1  | Killed a greater mummy
 88088 | Crypt:1  | Killed Khufu
 88800 | Lair:4   | Killed Libuhoy's ghost
 89009 | Lair:6   | Found a large runed translucent door.
 89010 | Lair:6   | Found a large runed translucent door.
 89704 | Zot:1    | Reached XP level 27. HP: 130/186 MP: 37/37
 90361 | Zot:1    | Banished Tiamat
 90847 | Zot:1    | Noticed an orb of fire
 91133 | Zot:2    | Identified the +2 chain mail of Qulodemp {MR- rCorr Int+5}
                  | (You found it on level 2 of the Realm of Zot)
 93073 | Zot:3    | Reached skill level 23 in Fighting
 93884 | Zot:4    | Reached skill level 10 in Evocations
 94391 | Zot:4    | Found a large runed translucent door.
 94392 | Zot:4    | Found a large runed translucent door.
 94405 | Zot:4    | Noticed Dufehei's ghost (legendary TrGl)
 94746 | Zot:5    | Entered Level 5 of the Realm of Zot
 95307 | Zot:5    | Reached skill level 24 in Fighting
 95931 | Zot:5    | Corrupted Zot:5
 96074 | Zot:5    | Noticed an orb of fire
 96081 | Zot:5    | Gained mutation: You are clumsy. (Dex -2) [an orb of fire]
 96084 | Zot:5    | Gained mutation: Scrolls take you a little longer to read.
                  | [an orb of fire]
 96089 | Zot:5    | Gained mutation: Scrolls take you longer to read. [an orb
                  | of fire]
 96093 | Zot:5    | Killed an orb of fire
 96125 | Zot:5    | Noticed an ancient lich
 96133 | Zot:5    | Killed an ancient lich
 96138 | Zot:5    | Noticed an orb of fire
 96156 | Zot:5    | Gained mutation: You are frail. (-10% HP) [an orb of fire]
 96157 | Zot:5    | Killed an orb of fire
 96315 | Zot:5    | Noticed an ancient lich
 96319 | Zot:5    | Killed an ancient lich
 96370 | Zot:5    | Noticed an orb of fire
 96370 | Zot:5    | Gained mutation: You do not regenerate when monsters are
                  | visible. [an orb of fire]
 96375 | Zot:5    | Gained mutation: You are partially covered in iridescent
                  | scales. (AC +2) [an orb of fire]
 96379 | Zot:5    | Gained mutation: You are very clumsy. (Dex -4) [an orb of
                  | fire]
 96381 | Zot:5    | Gained mutation: You tend to lose your temper in combat.
                  | [an orb of fire]
 96387 | Zot:5    | Noticed an ancient lich
 96390 | Zot:5    | Killed an orb of fire
 96415 | Zot:5    | Killed an ancient lich
 96415 | Zot:5    | Reached skill level 25 in Fighting
 96673 | Zot:5    | Noticed an ancient lich
 96681 | Zot:5    | Killed an ancient lich
 96879 | Zot:5    | Noticed an ancient lich
 96894 | Zot:5    | Killed an ancient lich
 97352 | Zot:5    | Lost mutation: You are frail. (-10% HP) [potion of
                  | mutation]
 97352 | Zot:5    | Lost mutation: You are very clumsy. (Dex -4) [potion of
                  | mutation]
 97352 | Zot:5    | Lost mutation: You tend to lose your temper in combat.
                  | [potion of mutation]
 97352 | Zot:5    | Gained mutation: Your spells are a little harder to cast,
                  | but a little more powerful. [potion of mutation]
 97353 | Zot:5    | Lost mutation: Your spells are a little harder to cast, but
                  | a little more powerful. [potion of mutation]
 97353 | Zot:5    | Lost mutation: Scrolls take you longer to read. [potion of
                  | mutation]
 97353 | Zot:5    | Lost mutation: You are clumsy. (Dex -2) [potion of
                  | mutation]
 97353 | Zot:5    | Gained mutation: Your system is resistant to poisons.
                  | (rPois) [potion of mutation]
 97353 | Zot:5    | Lost mutation: Your mind is acute. (Int +2) [potion of
                  | mutation]
 97353 | Zot:5    | Lost mutation: Scrolls take you a little longer to read.
                  | [potion of mutation]
 97355 | Zot:5    | Got the Orb of Zot
 97356 | Zot:5    | Noticed Weuts the pandemonium lord
 97639 | D:10     | Noticed Fadysuof the pandemonium lord
 97662 | D:9      | Gained mutation: Your magical capacity is low. (-10% MP) [a
                  | cacodemon]
 97669 | D:9      | Killed Fadysuof the pandemonium lord
 97791 | D:4      | Reached skill level 26 in Fighting
 97890 | D:$      | Escaped with the Orb!

Levels and vault maps discovered:
D:1:      dpeg_arrival_arbitrary_b, layout_basic
D:2:      minmay_alternating_diamond, layout_rooms, marbit_many_paths,
          lemuel_crystal_altar, lemuel_round_altar, first_ration
D:3:      layout_basic
D:4:      layout_basic, gammafunk_ghost_gnarly_gnolls,
          minmay_a_box_with_orc_wizards_in_it
D:5:      layout_rooms, xom_confusion_cloud
D:6:      layout_gridville, elyvilon_altar_4, nicolae_overflow_crystal_walls,
          grunt_temple_overflow_diamond
D:7:      layout_loops_cross, minmay_temple_entry_waves, basic_altar, uniq_pikel
D:8:      kennysheep_blocky_room, layout_basic, lemuel_round_altar,
          serial_shops, nicolae_shop_overgrown_old_shop, the_bakery
D:9:      layout_cave_pods, due_lair_maze_entry_diamond, david_orc_2
D:10:     layout_stronghold, nicolae_straight_to_the_point, uniq_harold
D:11:     layout_roguey
D:12:     layout_cave_pods, serial_column_ruins, column_ruins_circle_large,
          column_ruins_courtyard_long_water, column_ruins_open_medium,
          column_ruins_open_tiny, column_ruins_open_medium,
          column_ruins_open_tiny, column_ruins_open_small, uniq_urug
D:13:     layout_irregular_city, grunt_vaults_entry_tiered
D:14:     layout_roguey, minmay_misc_feat_secret_circle
D:15:     grunt_enter_depths_magical_seal, layout_rooms, serial_bayou_lagoon_a,
          serial_corexii_hall, corexii_hall_statues_x, corexii_hall_statues_l,
          corexii_hall_statues_l, chequers_hall_statues_wall_a, serial_shops,
          shop, shop, minmay_guarded_unrand_variability, uniq_azrael
Lair:1:   layout_cave_pods, gauntlet_entry_generic
Lair:2:   layout_regular_city, lemuel_fruit_tree, grunt_megastairs_1
Lair:3:   layout_chaotic_city, minmay_snake_entry_guardpost_small,
          lemuel_fruit_fields
Lair:4:   layout_layer_cave, minmay_shoals_entry_centaurs,
          gammafunk_ghost_necromancy
Lair:5:   layout_cave_pods, gammafunk_ghost_grave
Lair:6:   cheibrodos_lair_end_hotspot, layout_regular_city, slime_altar_2,
          ice2_lemuel
Shoals:1: cheibrodos_shoals_roost, layout_shoals
Shoals:2: layout_shoals
Shoals:3: layout_shoals, serial_shops, shop
Shoals:4: shoals_end_simple, layout_shoals, portal_ice_cave_entry_dragon
Snake:1:  layout_onion, hangedman_snake_pattern, grunt_megastairs_3, uniq_aizul,
          uniq_kirke, uniq_donald
Snake:2:  layout_rooms, serial_shops, bzr_entry_safe, ebering_ghost_gozag,
          serial_bayou_pond_c, nicolae_snake_springs
Snake:3:  layout_onion_interference, nicolae_snake_linked_coils
Snake:4:  grunt_snake_rune_serpentine_throne, layout_cave_town
Orc:1:    layout_diamond_mine
Orc:2:    st_orc_ogre_mass, layout_caves, basic_altar, serial_shops, shop,
          mines1_david
Elf:1:    layout_gridlike, serial_shops, shop, shop, minmay_elf_annihilation
Elf:2:    layout_gridlike, nrook_uturn
Elf:3:    minmay_elf_hall_furrowed, layout_loops_ring, serial_shops,
          shop_fountains, grunt_ministairs_14, uniq_bai_suzhen
Vaults:1: vaults_mumra_hexcomb, v_misc_2, ontoclasm_vaults_twist, v_misc_30,
          v_rooms_1, ontoclasm_vaults_ring_large,
          nicolae_vaults_little_squares_5, hangedman_vaults_unwind,
          nicolae_vaults_mini_display_case, vaults_dpeg_hooks,
          vaults_room_door_ring, layout_vaults_omnicross, serial_shops,
          shop_statue
Vaults:2: advil_vaults_ghost_guards, serial_ice_h,
          hangedman_vaults_corner_blocks, nicolae_vaults_alarming,
          nicolae_vaults_shelves_hall, v_misc_27, v_misc_18,
          nicolae_vaults_circle_grid_b, v_alt_pattern_2, v_misc_25,
          vaults_room_pool, layout_vaults_big_room, uniq_asterion
Vaults:3: nicolae_vaults_theta, vaults_mumra_bighexcomb,
          nicolae_vaults_little_ls, hangedman_vaults_variations,
          minmay_crypt_entry_simple_plaza, nicolae_vaults_yaktaur_gun_rack,
          vaults_mumra_hex, v_misc_15, hangedman_vaults_river_flow,
          hangedman_vaults_cutoff, v_misc_18, nicolae_vaults_specimen_jars,
          v_misc_23, layout_vaults_ring
Vaults:4: advil_vaults_ghost_guards, vaults_dpeg_ring,
          vaults_room_stairs_pillars, nicolae_vaults_network_periphery,
          nicolae_vaults_circle_grid_a, hangedman_vaults_nodes, v_misc_4,
          ontoclasm_vaults_misaligned, hangedman_vaults_nails, v_alt_pattern_1,
          nicolae_vaults_little_squares_1, vaults_dpeg_diagonal,
          layout_vaults_omnibox
Vaults:5: serial_shops
Crypt:1:  layout_rooms, gammafunk_ghost_spectres, uniq_khufu
Depths:1: layout_basic, enter_ziggurat_e, pf_hell_entry_tar_river,
          serial_sigils, serial_sigils_hangedman_etch,
          serial_sigils_hangedman_scar, serial_sigils_hangedman_gnaw,
          serial_sigils_hangedman_gut, minmay_room_of_horrors,
          minmay_misc_feat_x, st_stairs_5, chequers_serial_rivers_small_b
Depths:2: gammafunk_its_a_trap, layout_cave_pools, grunt_hell_entry_dis_mu,
          fountainhead, minmay_guarded_unrand_curses, uniq_nikola
Depths:3: minmay_diamond_stairs, layout_long_grid, minmay_misc_feat_ornament,
          enter_trove_3, grunt_mini_vestibule, pan_entry, serial_bayou_shore_a
Depths:4: grunt_bent_corner, layout_gridlike, minmay_misc_feat_doors,
          abyss_entry, hellmouth_1, hangedman_abyss_or_decor_jellyfish_corner,
          minmay_starry_boxes, uniq_enchantress
Depths:5: grunt_zot_entry_gee_three, layout_basic,
          gammafunk_ghost_berserking_beasts, minmay_misc_feat_columns,
          hell_entry
Zot:1:    lemuel_firehouse, layout_onion_interference, lemuel_baited_zot_trap,
          nrook_zot_tub, uniq_tiamat
Zot:2:    layout_twisted_circle
Zot:3:    grunt_zot_stairs_mandelzot, layout_twisted_circle
Zot:4:    cheibrodos_zot_enchanting_chambers, layout_misc_corridors,
          ebering_ghost_disaster_area, lemuel_baited_zot_trap
Zot:5:    layout_cathedral_of_symmetry, grunt_ministairs_2, st_stairs_12,
          nicolae_lava_and_water

Skill      XL: |  1  2  3  4  5  6  7  8  9 10 11 12 13 14 15 16 17 18 19 20 21 22 23 24 25 26 27 |
---------------+----------------------------------------------------------------------------------+-----
Long Blades    | 3 4 5 6 7 |  7.0
Fighting       | 4 5 6 7 8 10 12 15 16 17 18 19 20 21 22 26 | 26.0
Invocations    | 2 3 4 5 6 8 9 10 11 12 13 14 15 16 17 18 19 | 19.4
Dodging        | 2 4 5 7 9 10 11 13 14 15 16 17 18 19 20 21 22 | 22.1
Armour         | 4 5 7 9 10 11 13 14 15 16 17 18 19 20 21 22 | 22.1
Bows           | 4 6 9 11 13 14 15 17 20 | 20.0
Evocations     | 1 4 7 8 14 | 14.0

Action                   |  1- 3 |  4- 6 |  7- 9 | 10-12 | 13-15 | 16-18 | 19-21 | 22-24 | 25-27 || total
-------------------------+-------+-------+-------+-------+-------+-------+-------+-------+-------++-------
Melee: Falchion          |    78 |   172 |   155 |       |       |       |       |       |       ||   405
       Peck              |    11 |    28 |    53 |   147 |   251 |    26 |     4 |     1 |       ||   521
       Kick              |    10 |    49 |    81 |   228 |   434 |    38 |     8 |     2 |       ||   850
       Dagger            |       |       |     8 |       |       |       |       |       |       ||     8
       Scimitar          |       |       |    89 |   582 |   844 |   100 |    22 |     5 |       ||  1642
       Great sword       |       |       |       |    27 |    25 |       |       |       |       ||    52
 Fire: Shortbow          |       |       |    22 |    46 |   625 |       |       |       |       ||   693
       Longbow           |       |       |       |       |       |  1749 |  1782 |  1870 |  2211 ||  7612
Throw: Dart              |       |       |       |    64 |     5 |     1 |       |       |       ||    70
       Throwing net      |       |       |       |       |       |       |     1 |       |     1 ||     2
Invok: Depart the Abyss  |     1 |       |       |       |       |       |       |       |       ||     1
       Banish            |       |       |     3 |    21 |    38 |    17 |     7 |     1 |    13 ||   100
       Bend Space        |       |       |       |     1 |     2 |     4 |     7 |     1 |     4 ||    19
       Corrupt           |       |       |       |       |       |     1 |       |       |     1 ||     2
 Abil: Fly               |       |     1 |       |       |       |     2 |     3 |     3 |     1 ||    10
       Stop Flying       |       |       |       |       |       |     2 |     3 |     3 |     1 ||     9
       Evoke Invisibilit |       |       |       |       |       |       |       |       |     3 ||     3
Evoke: Wand              |       |       |     1 |     7 |    16 |     9 |    22 |    10 |    22 ||    87
       Lamp of fire      |       |       |       |       |       |     3 |     2 |     3 |     2 ||    10
       Fan of gales      |       |       |       |       |       |       |       |       |     2 ||     2
       Phantom mirror    |       |       |       |       |       |       |       |       |     1 ||     1
  Use: Scroll            |     3 |    10 |     7 |     7 |     7 |    15 |     7 |     9 |    40 ||   105
       Potion            |     3 |       |     1 |     6 |     7 |     1 |     2 |     3 |    25 ||    48
 Stab: Invisible         |     2 |       |       |       |     7 |       |       |       |       ||     9
       Paralysed         |       |       |       |     2 |    15 |       |       |       |       ||    17
       Petrified         |       |       |       |       |     9 |       |       |       |       ||     9
       Petrifying        |       |       |       |       |     1 |       |       |       |       ||     1
  Eat: Chunk             |     1 |     6 |     7 |    31 |    40 |    31 |    23 |    25 |     7 ||   171
       Ration            |       |       |     2 |     2 |     7 |     8 |     6 |     4 |    14 ||    43
Armor: Leather armour    |     5 |       |       |       |       |       |       |       |       ||     5
       Chain mail        |    58 |    95 |   177 |   423 |   558 |   194 |   203 |   240 |   199 ||  2147
       Plate armour      |       |       |       |       |    85 |    63 |       |       |       ||   148
       Gold dragon scale |       |       |       |       |       |       |       |       |    74 ||    74
Dodge: Dodged            |    44 |    54 |    82 |   351 |   772 |   522 |   391 |   634 |   614 ||  3464
       Deflected         |       |       |       |       |    11 |    78 |   104 |    78 |    35 ||   306
       Rpst.: Falchion   |    10 |    18 |    11 |       |       |       |       |       |       ||    39
       Scimitar          |       |       |    11 |   101 |   181 |    26 |     4 |     1 |       ||   324
       Great sword       |       |       |       |     1 |     6 |       |       |       |       ||     7

Table legend:
 A = Non-vault XP
 B = Vault XP
 C = Vault XP percentage of total XP
 D = Non-vault monster count
 E = Vault monster count
 F = Vault count percentage of total count
                 A         B        C        D         E       F
            +---------+---------+-------+---------+---------+-------
      Total |  805938 |  845371 |  51.2 |    1479 |     834 |  36.1
            +---------+---------+-------+---------+---------+-------
        D:1 |      47 |       0 |   0.0 |      28 |       0 |   0.0
        D:2 |     110 |      17 |  13.4 |      24 |       4 |  14.3
        D:3 |      67 |       0 |   0.0 |      22 |       0 |   0.0
        D:4 |     379 |     499 |  56.8 |      23 |      10 |  30.3
        D:5 |     294 |     143 |  32.7 |      10 |       5 |  33.3
        D:6 |     439 |       0 |   0.0 |      13 |       0 |   0.0
        D:7 |     742 |     617 |  45.4 |      18 |       1 |   5.3
        D:8 |    2016 |     845 |  29.5 |      18 |       7 |  28.0
        D:9 |    2284 |    1476 |  39.3 |      29 |      16 |  35.6
       D:10 |    3775 |     488 |  11.4 |      34 |       1 |   2.9
       D:11 |    3490 |       0 |   0.0 |      16 |       0 |   0.0
       D:12 |    9248 |     843 |   8.4 |      43 |       1 |   2.3
       D:13 |    4306 |    7531 |  63.6 |       8 |      25 |  75.8
       D:14 |   11665 |       0 |   0.0 |      33 |       0 |   0.0
       D:15 |    6531 |    9227 |  58.6 |      20 |      18 |  47.4
     Lair:1 |    2697 |       0 |   0.0 |      13 |       0 |   0.0
     Lair:2 |    3013 |     627 |  17.2 |      14 |       2 |  12.5
     Lair:3 |    5630 |     323 |   5.4 |      26 |       2 |   7.1
     Lair:4 |   11751 |    2781 |  19.1 |      34 |       9 |  20.9
     Lair:5 |    2702 |     608 |  18.4 |      19 |       1 |   5.0
     Lair:6 |   14964 |   10897 |  42.1 |      40 |      42 |  51.2
   Shoals:1 |    9276 |    3715 |  28.6 |      17 |       6 |  26.1
   Shoals:2 |   13096 |       0 |   0.0 |      26 |       0 |   0.0
   Shoals:3 |    5181 |       0 |   0.0 |      11 |       0 |   0.0
   Shoals:4 |   14189 |   17793 |  55.6 |      28 |      29 |  50.9
    Snake:1 |   12543 |    7483 |  37.4 |      26 |       9 |  25.7
    Snake:2 |   16163 |    5070 |  23.9 |      30 |      16 |  34.8
    Snake:3 |   18157 |       0 |   0.0 |      28 |       0 |   0.0
    Snake:4 |   24139 |   35061 |  59.2 |      44 |      55 |  55.6
      Orc:1 |    3980 |       0 |   0.0 |      39 |       0 |   0.0
      Orc:2 |    1989 |   18073 |  90.1 |      33 |      40 |  54.8
      Elf:1 |   25268 |    5185 |  17.0 |      37 |       8 |  17.8
      Elf:2 |   25188 |   24906 |  49.7 |      48 |      32 |  40.0
      Elf:3 |   17729 |   55613 |  75.8 |      31 |      35 |  53.0
   Vaults:1 |   22031 |   12384 |  36.0 |      39 |      22 |  36.1
   Vaults:2 |   31350 |   14781 |  32.0 |      60 |      21 |  25.9
   Vaults:3 |   15942 |   29258 |  64.7 |      20 |      39 |  66.1
   Vaults:4 |   38820 |   17303 |  30.8 |      68 |      21 |  23.6
   Vaults:5 |   13962 |  159060 |  91.9 |      24 |      93 |  79.5
    Crypt:1 |   18498 |   15051 |  44.9 |      32 |       4 |  11.1
   Depths:1 |   56025 |    9138 |  14.0 |      75 |      22 |  22.7
   Depths:2 |   33001 |    6143 |  15.7 |      49 |      10 |  16.9
   Depths:3 |   35439 |   16342 |  31.6 |      36 |      10 |  21.7
   Depths:4 |   16076 |   86991 |  84.4 |      15 |      70 |  82.4
   Depths:5 |   47090 |   33047 |  41.2 |      52 |      22 |  29.7
      Zot:1 |   43328 |   29409 |  40.4 |      26 |      38 |  59.4
      Zot:2 |   11512 |       0 |   0.0 |       7 |       0 |   0.0
      Zot:3 |   68829 |    4999 |   6.8 |      47 |       4 |   7.8
      Zot:4 |   31451 |   47612 |  60.2 |      20 |      27 |  57.4
      Zot:5 |   49536 |  150352 |  75.2 |      26 |      42 |  61.8
   Gauntlet |       0 |    3680 | 100.0 |       0 |      15 | 100.0
            +---------+---------+-------+---------+---------+-------
